 Dungeon Crawl Stone Soup version bcrawl-1.27.8b (webtiles) character file.

Game seed: 3390242997595551964

141577 LostNumber the Shield-Bearer (level 5, 0/36 HPs)
             Began as a Fairy Fighter on Nov 6, 2020.
             Was a Follower of Vehumet.
             Slain by a worker ant (3 damage)
             ... on level 4 of the Dungeon.
             The game lasted 00:06:55 (3022 turns).

LostNumber the Shield-Bearer (Fairy Fighter)        Turns: 3022, Time: 00:06:56

Health: 0/36       AC:  4    Str: 14    XL:     5   Next: 79%
Magic:  19/19      EV: 18    Int: 12    God:    Vehumet [*.....]
Gold:   219        SH:  5    Dex: 12    Spells: 7/8 levels left

rFire    . . .     SeeInvis .   a - +1 long sword
rCold    . . .     Gourm    .   (shield restricted)
rNeg     . . .     Faith    .   (armour unavailable)
rPois    .         Spirit   .   (no helmet)
rElec    .         Reflect  .   (no cloak)
rCorr    .         Harm     .   (no gloves)
MR       .....                  (no boots)
Stlth    ..........             (no amulet)
HPRegen  0.12/turn              h - ring of magical power
MPRegen  0.16/turn              (no ring)

@: lethally poisoned (0 -> -7), flying evasively
A: small, magic attunement, unstealthy, unfitting armour, able to fly, AC/SH +4
a: Stop Flying, Renounce Religion


You were on level 4 of the Dungeon.
You worshipped Vehumet.
Vehumet was aware of your devotion.
You were hungry.

You visited 1 branch of the dungeon, and saw 4 of its levels.

You collected 219 gold pieces.

Inventory:

Hand Weapons
 a - a +1 long sword (weapon)
Armour
 b - a +0 medium shield
Jewellery
 h - a ring of magical power (left hand)
   (You found it on level 1 of the Dungeon)
 n - an uncursed ring of protection from cold {unknown}
   (You found it on level 3 of the Dungeon)
Wands
 o - a wand of polymorph (7)
   (You found it on level 3 of the Dungeon)
Scrolls
 f - 2 scrolls of identify {@r1}
 i - 2 scrolls of amnesia
Potions
 c - 3 potions of might
 d - 3 potions of curing {unknown}
 g - a potion of heal wounds {unknown}
 m - a potion of flight {unknown}
Comestibles
 e - 4 rations {!d!d}
 j - 3 chunks of flesh


   Skills:
 + Level 3.6 Fighting
 + Level 3.0 Long Blades
 - Level 4.3 Dodging
 + Level 4.8 Shields
 + Level 2.3 Spellcasting


You had 7 spell levels left.
You knew the following spells:

 Your Spells              Type           Power        Failure   Level  Hunger
a - Shock                 Conj/Air       #....        7%          1    None
Your spell library was empty.

Dungeon Overview and Level Annotations

Branches:
Dungeon (4/12)
 Temple: D:4-7

Altars:
Gozag
Vehumet


Innate Abilities, Weirdness & Mutations

Your spells do not cause hunger and MP costs are reduced by 1.
Your bright wings attract enemies. (Stealth-)
You cannot fit into any form of body armour.
Your shimmering scales are hard and can block incoming attacks. (AC +4, SH +4)
You are small and have problems with some larger weapons.
You can fly continuously.


Message History

The zap hits the orc.
You kill the orc!
Vehumet accepts your kill.
Your Long Blades skill increases to level 3!
You hear the slow hiss of a very distant avalanche of sand.
You are feeling hungry.
A worker ant comes into view.
The worker ant twitches its antennae in your direction.
You block the worker ant's attack.
You miscast Shock.
You are very lightly contaminated with residual magic.
Ouch! You feel a sudden electric shock. The worker ant misses you.
The zap misses the worker ant.
The zap hits the worker ant.
The worker ant misses you. The worker ant bites you.
The zap misses the worker ant. x2; You block the worker ant's attack.
The zap misses the worker ant.
The zap hits the worker ant but does no damage.
The worker ant bites you.
* * * LOW HITPOINT WARNING * * *
The worker ant bites you.
* * * LOW HITPOINT WARNING * * *
You are poisoned.
The worker ant poisons you!
You feel sick.
You feel sick.
The zap hits the worker ant.
The zap misses the worker ant.
The worker ant barely misses you.
Your magical contamination has completely faded away.
The zap hits the worker ant. x2; The worker ant completely misses you.
The worker ant barely misses you.
The zap misses the worker ant. x2; You feel sick.
The worker ant bites you.
* * * LOW HITPOINT WARNING * * *
The zap misses the worker ant.
The zap hits the worker ant.
The worker ant misses you.
The zap hits the worker ant. x2; The worker ant bites you.
* * * LOW HITPOINT WARNING * * *
You are lethally poisoned!
The worker ant poisons you!
The zap misses the worker ant. x2
* * * LOW HITPOINT WARNING * * *
You feel sick.
The worker ant bites you but does no damage.
The zap misses the worker ant.
The zap hits the worker ant but does no damage.
* * * LOW HITPOINT WARNING * * *
You feel sick. You block the worker ant's attack. x2
The zap hits the worker ant.
The zap hits the worker ant but does no damage.
The worker ant bites you.
You die...

#.# ######.######
##...........######
##.................#
#....).........@a..#
#..................##
#...................##
#....<..<<...........##
#..................#..####
#.....)............##....#
##.............###...###.#####.#
##.....#.)...## ###.# #.......#
#######..#### #..########..


You could see a worker ant.

Vanquished Creatures
  A bullfrog (D:3)
  6 adders
  A shadow imp (D:3)
  2 worms
  A dart slug (D:2)
  2 leopard geckos
  9 orcs
  A giant cockroach (D:1)
  5 goblins
  2 hobgoblins
  10 jackals (D:1)
  A ball python (D:1)
  4 bats
  2 frilled lizards
  4 kobolds
  5 rats
56 creatures vanquished.

Notes
Turn   | Place    | Note
-------+----------+-------------------------------------------
     0 | D:1      | LostNumber the Fairy Fighter began the quest for the Orb.
     0 | D:1      | Reached XP level 1. HP: 15/15 MP: 3/3
   267 | D:1      | Reached XP level 2. HP: 20/20 MP: 4/4
   740 | D:1      | Reached XP level 3. HP: 25/25 MP: 5/5
  1458 | D:2      | Found a faded altar of an unknown god.
  1630 | D:2      | Became a worshipper of Vehumet
  1630 | D:2      | Reached * piety under Vehumet
  1630 | D:2      | Offered knowledge of Shock by Vehumet.
  1671 | D:2      | Learned a level 1 spell: Shock
  2027 | D:3      | Reached XP level 4. HP: 31/31 MP: 7/7
  2103 | D:3      | Noticed a bullfrog
  2118 | D:3      | Killed a bullfrog
  2118 | D:3      | Reached skill level 1 in Spellcasting
  2118 | D:3      | Reached XP level 5. HP: 30/36 MP: 9/9
  2523 | D:3      | Found an opulent altar of Gozag.
  3022 | D:4      | Slain by a worker ant

Skill      XL: |  1  2  3  4  5 |
---------------+----------------+-----
Long Blades    | 2 3 |  3.0
Shields        | 4 |  4.8
Fighting       | 3 |  3.6
Spellcasting   | 1 2 |  2.3
Dodging        | |  4.3

Action                   |  1- 3 |  4- 6 || total
-------------------------+-------+-------++-------
Melee: Long sword        |   125 |    13 ||   138
 Cast: Shock             |    24 |   106 ||   130
  Use: Scroll            |       |     4 ||     4
  Eat: Chunk             |     8 |     3 ||    11
Armor: Skin              |    25 |     8 ||    33
Dodge: Dodged            |    58 |    53 ||   111
Block: Medium shield     |   114 |       ||   114
       Other             |     5 |    21 ||    26
